 Dungeon Crawl Stone Soup version 0.21.1-1-g345015f (webtiles) character file.

13610 teukkam the Grappler (level 11, -6/120 HPs)
             Began as a Troll Monk on June 20, 2018.
             Mangled by a five-headed hydra (12 damage)
             ... on level 2 of the Lair of Beasts.
             The game lasted 00:38:05 (6042 turns).

teukkam the Grappler (Troll Monk)                   Turns: 6042, Time: 00:38:06

Health: -6/120     AC:  9    Str: 27    XL:     11   Next: 77%
Magic:  10/10      EV: 10    Int:  6    God:
Gold:   496        SH:  0    Dex: 12    Spells: 10/10 levels left

rFire    . . .     SeeInvis .   G - +0 whip (venom)
rCold    + . .     Gourm    +   (no shield)
rNeg     . . .     Faith    .   p - +0 troll leather armour {Purgy}
rPois    .         Spirit   .   l - +1 hat
rElec    .         Reflect  .   N - +0 cloak
rCorr    .         Harm     .   (gloves unavailable)
MR       .....                  (boots unavailable)
Stlth    +.........             A - amulet of magic regeneration
HPRegen  1.10/turn              g - ring of protection from cold
MPRegen  0.37/turn              L - +3 ring of strength

@: about to teleport
A: large, unfitting armour, claws 3, horns 2, fast metabolism 3, gourmand, sense
surroundings 1, regeneration 1, shaggy fur 1, tough skin 2
a: no special abilities


You were on level 2 of the Lair of Beasts.
You were completely stuffed.

You visited 2 branches of the dungeon, and saw 14 of its levels.
You also visited: Sewer.

You collected 587 gold pieces.
You spent 91 gold pieces at shops.

Inventory:

Hand Weapons
 d - a +0 whip of freezing
 r - a +0 dire flail of crushing
 u - a +1 demon whip of electrocution
 y - a +0 shortbow
 D - a +2 hunting sling of velocity
 G - a +0 whip of venom (weapon)
 K - a +3 scimitar of flaming
Missiles
 f - 4 tomahawks (quivered)
 j - 4 javelins of penetration
 s - a throwing net
 B - 28 arrows
 E - 95 sling bullets
Armour
 l - a +1 hat (worn)
 p - a +0 troll leather armour (worn) {Purgy}
 N - a +0 cloak (worn)
Jewellery
 g - a ring of protection from cold (left claw)
 h - an uncursed ring of ice
 A - an amulet of magic regeneration (around neck)
 L - a +3 ring of strength (right claw)
Wands
 n - a wand of polymorph (7)
 q - a wand of paralysis (4)
 w - a wand of flame (14)
 C - a wand of enslavement (17)
 P - a wand of acid (7)
Scrolls
 a - a scroll of teleportation
 c - 11 scrolls of identify
 i - 3 scrolls of enchant armour {unknown}
 m - a scroll of fear {unknown}
 o - 8 scrolls of blinking {unknown}
 v - a scroll of enchant weapon {unknown}
 x - 2 scrolls of magic mapping
 H - 3 scrolls of amnesia {unknown}
 I - 4 scrolls of fog {unknown}
Potions
 e - 4 potions of curing
 k - a potion of magic
 z - a potion of agility
 J - a potion of mutation
 M - a potion of resistance {unknown}
 O - 2 potions of flight {unknown}
Miscellaneous
 F - a lamp of fire
Comestibles
 b - 15 rations
 t - 18 chunks of flesh


   Skills:
 + Level 11.5 Fighting
 - Level 2.4 Dodging
 - Level 1.0 Stealth
 + Level 13.4 Unarmed Combat


You had 10 spell levels left.
You didn't know any spells.

Dungeon Overview and Level Annotations

Branches:
Dungeon (11/15)              Lair (3/6) D:11
 Temple: D:4-7        Swamp: Lair:2-4    Shoals: Lair:2-4     Snake: Lair:2-4
 Spider: Lair:2-4       Orc: D:9-12

Altars:
Gozag
Qazlal
Yredelemnul
Beogh

Shops:
D:6 *:*?

Annotations:
Lair:1 exclusions: electric eel and oklob plant


Innate Abilities, Weirdness & Mutations

You are too large for most types of armour.
You have claws for hands.
Your metabolism is lightning-fast.
You like to eat raw meat.
Your natural rate of healing is unusually fast.
You are covered in fur. (AC +1)
You have very tough skin. (AC +2)
You have a pair of horns on your head.
You passively map a small area around you.


Message History

You whack the five-headed hydra!
The five-headed hydra is moderately wounded.
The five-headed hydra bites you. x2
The five-headed hydra barely misses you.
The five-headed hydra bites you but does no damage.
The five-headed hydra bites you!
* * * LOW HITPOINT WARNING * * *
You feel better. The five-headed hydra bites you!
* * * LOW HITPOINT WARNING * * *
The five-headed hydra bites you!
* * * LOW HITPOINT WARNING * * *
The five-headed hydra bites you.
* * * LOW HITPOINT WARNING * * *
The five-headed hydra closely misses you.
The five-headed hydra barely misses you.
As you read the scroll of teleportation, it crumbles to dust.
You feel strangely unstable. The five-headed hydra bites you.
* * * LOW HITPOINT WARNING * * *
The five-headed hydra bites you!
You die... * .. ..##### #. .h... ##...## ...# #.. ..#.# #.....## ###..P# ##. ..#..* *#.....####....## .. .hPh#

##..............# * , ..P.#
#..............## .h#h#
#..............# ....#
##........>....# , ..D.##
#P...D@..รท.....# ...<.#
*,*#P...#.####....####
....#...#,##...### #........
................ ##........
....#...>......#.*##P..###...
................###.....#* ..
.....,#................## .
..P.. .#P..##....##...# ,
%..... #..........#...# ,


You could see a five-headed hydra.

Vanquished Creatures
  A two-headed ogre (D:8)
  2 spiny frogs
  2 komodo dragons (Lair:1)
  A polar bear (Lair:2)
  A hornet (D:9)
  Prince Ribbit (D:6)
  A hippogriff (Lair:2)
  3 blink frogs (Lair:1)
  A dream sheep (D:8)
  2 shadows (D:11)
  15 yaks
  2 hungry ghosts
  Grum (D:8)
  Edmund (D:5)
  2 water moccasins
  Purgy (Sewer)
  3 porcupines
  8 orc warriors
  3 black bears
  2 sky beasts
  5 ice beasts
  A necrophage (D:6)
  A boggart (D:8)
  4 ogres
  11 wolves
  2 centaurs
  4 crocodiles
  15 bullfrogs
  3 scorpions
  A wyvern skeleton (D:11)
  12 killer bees
  4 howler monkeys (D:9)
  2 crimson imps
  A quasit (D:11)
  2 bullfrog zombies
  5 hounds
  A gnoll shaman (D:7)
  9 orc priests
  A centaur skeleton (D:9)
  7 orc wizards
  5 iguanas
  4 worker ants
  A killer bee zombie (D:6)
  A hound zombie (D:5)
  A howler monkey skeleton (D:6)
  7 adders
  15 gnolls
  A shadow imp (D:8)
  An ooze (D:3)
  2 adder zombies
  3 leopard geckos
  68 orcs
  4 giant cockroaches
  A hobgoblin (D:1)
  4 jackals (D:5)
  5 kobolds
  2 ball pythons
  3 bats
  3 frilled lizards (D:5)
  3 goblins
  A jackal skeleton (D:4)
  2 leopard gecko skeletons
  A leopard gecko zombie (D:5)
  A quokka skeleton (D:4)
  4 rats
287 creatures vanquished.

Vanquished Creatures (collateral kills)
  A gnoll (D:11)
1 creature vanquished.

Vanquished Creatures (others)
  A gnoll sergeant (D:11)
  35 fungi
  9 plants (D:11)
45 creatures vanquished.

Grand Total: 333 creatures vanquished

Notes
Turn   | Place    | Note
-------+----------+-------------------------------------------
     0 | D:1      | teukkam the Troll Monk began the quest for the Orb.
     0 | D:1      | Reached XP level 1. HP: 22/22 MP: 0/0
   134 | D:1      | Reached XP level 2. HP: 14/29 MP: 1/1
   377 | D:3      | Reached XP level 3. HP: 6/37 MP: 2/2
   383 | D:3      | Reached skill level 4 in Unarmed Combat
   442 | D:3      | Found a glowing drain.
   466 | D:3      | Reached XP level 4. HP: 39/45 MP: 3/3
   486 | Sewer    | Entered a sewer
   618 | Sewer    | Noticed Purgy
   638 | Sewer    | Killed Purgy
   638 | Sewer    | Reached XP level 5. HP: 14/54 MP: 4/4
   771 | D:3      | Found an opulent altar of Gozag.
   815 | D:4      | Noticed an ogre
   913 | D:3      | Reached skill level 5 in Unarmed Combat
  1490 | D:4      | Reached XP level 6. HP: 59/63 MP: 5/5
  1740 | D:5      | Entered Level 5 of the Dungeon
  1787 | D:5      | Noticed a sky beast
  1790 | D:5      | Killed a sky beast
  1790 | D:5      | Reached skill level 5 in Fighting
  1790 | D:5      | Reached skill level 6 in Unarmed Combat
  1790 | D:5      | Reached XP level 7. HP: 72/72 MP: 6/6
  1929 | D:5      | Noticed Edmund
  1958 | D:5      | Killed Edmund
  2092 | D:6      | Found Cuaj's Magic Scroll Emporium.
  2097 | D:6      | Bought a scroll of magic mapping for 49 gold pieces
  2097 | D:6      | Bought a scroll of remove curse for 42 gold pieces
  2129 | D:6      | Reached skill level 7 in Unarmed Combat
  2161 | D:6      | Reached XP level 8. HP: 61/83 MP: 7/7
  2290 | D:6      | Found Boosch's Assorted Antiques.
  2291 | D:6      | Found Ute Wiov's Book Boutique.
  2320 | D:6      | Noticed Prince Ribbit
  2331 | D:6      | Reached skill level 8 in Unarmed Combat
  2359 | D:6      | Killed Prince Ribbit
  2670 | D:6      | Found Jyrer's Assorted Antiques.
  2718 | D:7      | Reached XP level 9. HP: 85/93 MP: 8/8
  2728 | D:7      | Reached skill level 9 in Unarmed Combat
  2826 | D:7      | Gained mutation: You have a pair of small horns on your head. [potion of mutation]
  2826 | D:7      | Gained mutation: You have a pair of horns on your head. [potion of mutation]
  2826 | D:7      | Gained mutation: You passively map a small area around you. [potion of mutation]
  2990 | D:7      | Found a basalt altar of Yredelemnul.
  3272 | D:9      | Reached skill level 10 in Unarmed Combat
  3334 | D:9      | Noticed Joseph
  3334 | D:9      | Noticed Joseph
  3334 | D:9      | Joseph changed into Joseph the wolf
  3339 | D:9      | Killed Joseph the wolf
  3421 | D:10     | Entered Level 10 of the Dungeon
  3632 | D:9      | Paralysed by a hornet for 1 turns
  3633 | D:9      | Reached XP level 10. HP: 92/107 MP: 9/9
  3941 | D:8      | Noticed Erica
  3942 | D:8      | Noticed Erica
  3942 | D:8      | Erica changed into Erica the dream sheep
  3946 | D:8      | Killed Erica the dream sheep
  3946 | D:8      | Reached skill level 11 in Unarmed Combat
  4039 | D:8      | Noticed a two-headed ogre
  4049 | D:8      | Killed a two-headed ogre
  4134 | D:8      | Noticed Maurice
  4135 | D:8      | Noticed Maurice
  4135 | D:8      | Maurice changed into Maurice the boggart
  4143 | D:8      | Killed Maurice the boggart
  4178 | D:8      | Noticed Grum
  4181 | D:8      | Killed Grum
  4227 | D:9      | Found a stormy altar of Qazlal.
  4287 | D:9      | Found a roughly hewn altar of Beogh.
  4450 | D:9      | Reached skill level 10 in Fighting
  4554 | D:9      | Reached skill level 12 in Unarmed Combat
  4970 | D:11     | Found a staircase to the Lair.
  5057 | D:11     | Reached XP level 11. HP: 85/119 MP: 10/10
  5409 | Lair:1   | Entered Level 1 of the Lair of Beasts
  5466 | Lair:1   | Noticed an oklob plant
  5531 | Lair:1   | Reached skill level 13 in Unarmed Combat
  5735 | Lair:2   | Noticed a five-headed hydra
  6042 | Lair:2   | HP: 6/120 [five-headed hydra (3)]
  6042 | Lair:2   | Mangled by a five-headed hydra

Skill      XL: |  1  2  3  4  5  6  7  8  9 10 11 |
---------------+----------------------------------+-----
Fighting       | 3 4 5 6 7 9 10 11 | 11.5
Unarmed Combat | 4 5 6 7 8 10 12 13 | 13.4
Dodging        | |  2.4
Stealth        | |  1.0

Action                   |  1- 3 |  4- 6 |  7- 9 | 10-12 || total
-------------------------+-------+-------+-------+-------++-------
Melee: Unarmed           |    43 |    97 |   295 |   318 ||   753
       Punch             |     1 |     1 |     7 |    26 ||    35
       Headbutt          |       |       |    21 |    56 ||    77
       Whip              |       |       |       |     5 ||     5
Throw: Tomahawk          |       |       |    30 |    26 ||    56
Evoke: Wand              |       |       |    20 |     8 ||    28
  Use: Scroll            |     3 |     1 |     2 |     2 ||     8
       Potion            |     1 |     3 |     6 |     1 ||    11
 Stab: Sleeping          |     1 |     2 |     1 |       ||     4
  Eat: Chunk             |    10 |    12 |    17 |    25 ||    64
Armor: Robe              |    17 |    15 |       |       ||    32
       Troll leather arm |       |    27 |    82 |    84 ||   193
       Skin              |       |       |     2 |       ||     2
Dodge: Dodged            |    23 |    52 |   123 |   143 ||   341
